 Dungeon Crawl Stone Soup version 0.31.0-9-g3a7656b989 (webtiles) character file.

Game seed: 1169617940931816333

198 bock the Covered (level 5, -9/45 HPs)
             Began as an Armataur Fighter on Jan 24, 2024.
             Mangled by Menkaure (16 damage)
             ... on level 4 of the Dungeon.
             The game lasted 00:14:59 (3611 turns).

bock the Covered (Armataur Fighter)                 Turns: 3611, Time: 00:15:00

Health: -9/45      AC:  8    Str: 25    XL:     5   Next: 47%
Magic:  5/5        EV:  7    Int: 11    God:
Gold:   103        SH:  4    Dex: 10    Spells: 4/4 levels left

rFire   . . .        a - +0 war axe
rCold   . . .        j - +0 buckler of the Morning {rCorr Str+2 Int+3}
rNeg    . . .        b - +0 scale mail
rPois   .            (no helmet)
rElec   .            p - +0 cloak
rCorr   +            (no gloves)
SInv    .            (no barding)
Will    .....        (no amulet) Stlth
                     e - +4 ring of slaying
HPRegen 0.27/turn    (no ring)
MPRegen 0.09/turn

%: roll
@: no status effects
A: large, deformed body, tough skin 3, armoured tail, roll 1
a: no special abilities


You were on level 4 of the Dungeon.
You visited 1 branch of the dungeon, and saw 4 of its levels.

You collected 103 gold pieces.

Inventory:

Hand Weapons
 a - a +0 war axe (weapon)
Missiles
 n - 3 poisoned darts (quivered)
Armour
 b - a +0 scale mail (worn)
 j - the +0 buckler of the Morning (worn) {rCorr Str+2 Int+3}
   (You found it on level 2 of the Dungeon)

   Str+2:     It affects your strength (+2).
   Int+3:     It affects your intelligence (+3).
   rCorr:     It protects you from acid and corrosion.
 p - a +0 cloak (worn)
Jewellery
 e - a +4 ring of slaying (left hand)
Scrolls
 h - a scroll of poison {unknown}
 i - 2 scrolls of revelation {unknown}
 k - 3 scrolls of identify {unknown}
 m - 2 scrolls of torment {unknown}
 o - a scroll of teleportation {unknown}
Potions
 d - 4 potions of might
 f - a potion of invisibility {unknown}
 g - a potion of curing {unknown}
 l - 2 potions of mutation {unknown}


   Skills:
 + Level 3.2 Fighting
 + Level 2.8 Axes
 + Level 5.6 Armour
 + Level 0.2 Dodging
 + Level 0.4 Stealth
 + Level 3.8 Shields


You had 4 spell levels left.
You didn't know any spells.
Your spell library contained the following spells:

 Spells                   Type           Power      Damage    Failure   Level
 Blink                    Tloc           0%         N/A       82%         2
 Lesser Beckoning         Tloc           0%         N/A       82%         2
 Momentum Strike          Conj/Tloc      0%         3d8       82%         2


Dungeon Overview and Level Annotations

Branches:
Dungeon (4/15)
 Temple: D:4-7

Altars:

Annotations:
D:4 Menkaure


Innate Abilities, Weirdness & Mutations

Armour fits poorly on your strangely shaped body.
You have extremely tough skin. (AC +3)
You have a long armoured tail.
You regenerate magic when rolling toward enemies. (Rampage MPRegen)


Message History

There is an open door here.
You open the door.
Menkaure, Prince of Dust comes into view.
Menkaure shouts!
Menkaure points at you and mumbles some strange words.
Pain shoots through your body!
You roll towards Menkaure!
You slash Menkaure!
Menkaure is moderately damaged.
Menkaure points at you and mumbles some strange words.
Pain shoots through your body!
Unknown command.
You are too injured to fight recklessly!
You are too injured to fight recklessly!
You are too injured to fight recklessly!
You are too injured to fight recklessly!
You are too injured to fight recklessly!
You are too injured to fight recklessly!
You are too injured to fight recklessly!
Menkaure calls on the powers of darkness!
Your body is wracked with pain!
* * * LOW HITPOINT WARNING * * *
Menkaure breathes soot at you.
Menkaure calls on the powers of darkness!
Your body is wracked with pain!
* * * LOW HITPOINT WARNING * * *
Menkaure mumbles some strange words.
Menkaure seems to speed up.
Menkaure attacks as he pursues you! Menkaure closely misses you.
Menkaure attacks as he pursues you! Menkaure barely misses you.
You are too injured to fight recklessly!
You are too injured to fight recklessly!
You are too injured to fight recklessly!
You are too injured to fight recklessly!
Menkaure hits you but does no damage. Menkaure attacks as he pursues you!
Menkaure closely misses you.
Menkaure calls on the powers of darkness!
Your body is wracked with pain!
* * * LOW HITPOINT WARNING * * *
Menkaure hits you!
You die...

#..... #.....
#.....###+############
......................
......................
......................
......................
.............M@.......
.######....#######+#..
#....+ #....# #....#
#....# #....####
#....#..# #....'..+


You could see Menkaure (fast).

Vanquished Creatures
  Crazy Yiuf (D:3)
  Terence (D:3)
  An iguana (D:4)
  5 adders
  2 ribbon worms (D:2)
  2 dart slugs
  An orc (D:3)
  3 ball pythons
  11 bats
  9 endoplasms
  A giant cockroach (D:1)
  4 goblins
  9 hobgoblins
  2 kobolds
  A quokka (D:3)
  2 frilled lizards
  8 rats
63 creatures vanquished.

Notes
Turn   | Place    | Note
-------+----------+-------------------------------------------
     0 | D:1      | bock the Armataur Fighter began the quest for the Orb.
     0 | D:1      | Reached XP level 1. HP: 18/18 MP: 1/1
   279 | D:1      | Reached XP level 2. HP: 25/25 MP: 2/2
   503 | D:1      | Reached skill level 4 in Armour
   820 | D:1      | Reached XP level 3. HP: 31/31 MP: 3/3
  1106 | D:2      | Identified the +0 buckler of the Morning {rCorr Str+2
                  | Int+3}
  1429 | D:2      | Found a faded altar of an unknown god.
  1631 | D:2      | Reached XP level 4. HP: 38/38 MP: 4/4
  2701 | D:3      | Found a runed translucent door.
  2702 | D:3      | Noticed Crazy Yiuf
  3026 | D:3      | Noticed Terence
  3032 | D:3      | Killed Terence
  3103 | D:3      | Reached skill level 5 in Armour
  3413 | D:3      | Killed Crazy Yiuf
  3414 | D:3      | Reached XP level 5. HP: 25/45 MP: 5/5
  3591 | D:4      | Noticed Menkaure
  3611 | D:4      | Mangled by Menkaure

Illustrated notes

Levels and vault maps discovered:
D:1:      minmay_arrival_doors, layout_loops_ring, corexii_corridor_pit,
          glass_columns_b
D:2:      layout_basic, hellmonk_ecumenical_altar_heavens_door
D:3:      wad_crossroads, layout_basic, uniq_terence, uniq_crazy_yiuf_cottage
D:4:      layout_gridville, minmay_overflow_temple_hex,
          ebering_ghost_inner_flame, pf_guarded_unrand_meek, uniq_edmund,
          uniq_menkaure, uniq_robin

Skill      XL: |  1  2  3  4 |
---------------+-------------+-----
Armour         | 4 5 |  5.6
Fighting       | 3 |  3.2
Axes           | 2 |  2.8
Dodging        | |  0.2
Stealth        | |  0.4
Shields        | |  3.8

Action                     |  1- 3 |  4- 6 || total
---------------------------+-------+-------++-------
  Melee: War axe           |    89 |    65 ||   154
         Tailslap          |     8 |    10 ||    18
 Armour: Scale mail        |    68 |    41 ||   109
  Dodge: Dodged            |    35 |    25 ||    60
  Block: Buckler           |    20 |     9 ||    29
